 Dungeon Crawl Stone Soup version 0.30-a0-390-g80c34de65d (webtiles) character file.

Game seed: 14596212345887327608

3589 karrick the Basher (level 10, -2/63 HPs)
             Began as a Gargoyle Fighter on Dec 5, 2022.
             Was a Follower of Okawaru.
             Slain by a gnoll
             ... wielding a +0 halberd
             ... led by a gnoll sergeant
              (12 damage)
             ... on level 8 of the Dungeon.
             The game lasted 00:16:23 (7092 turns).

karrick the Basher (Gargoyle Fighter)               Turns: 7092, Time: 00:16:23

Health: -2/63      AC: 14    Str: 21    XL:     10   Next: 10%
Magic:  10/10      EV: 10    Int:  8    God:    Okawaru [*.....]
Gold:   355        SH:  5    Dex: 13    Spells: 9/9 levels left

rFire   . . .      SeeInvis .    a - +0 flail
rCold   . . .      Faith    .    c - +0 buckler
rNeg    + . .      Spirit   .    O - +0 troll leather armour {Pargi}
rPois   ∞          Reflect  .    (no helmet)
rElec   +          Harm     .    n - +1 cloak
rCorr   .          Rampage  .    (no gloves)
Will    .....                    (no boots)
Stlth   +.........               (no amulet)
HPRegen 1.10/turn                j - +4 ring of slaying
MPRegen 0.12/turn                (no ring)

@: no status effects
A: sickness immunity, AC +7, negative energy resistance 1, electricity
resistance, torment resistance 1, petrification resistance
a: Renounce Religion, Heroism


You were on level 8 of the Dungeon.
You worshipped Okawaru.
Okawaru was aware of your devotion.
You visited 1 branch of the dungeon, and saw 8 of its levels.
You also visited: Sewer and Bailey.

You collected 355 gold pieces.

Inventory:

Hand Weapons
 a - a +0 flail (weapon)
Missiles
 f - 6 silver javelins (quivered)
 J - 2 throwing nets
Armour
 b - a +0 scale mail
 c - a +0 buckler (worn)
 n - a +1 cloak (worn)
 p - a scarf of harm
 r - a scarf of shadows
 O - a +0 troll leather armour (worn) {Pargi}
Jewellery
 j - a +4 ring of slaying (left hand)
 K - a ring of willpower
Wands
 s - a wand of charming (3)
 y - a wand of flame (36)
Scrolls
 e - 3 scrolls of immolation
 l - 2 scrolls of enchant armour
 m - 2 scrolls of vulnerability
 t - a scroll of butterflies
 v - 2 scrolls of torment
 w - a scroll of amnesia
 x - a scroll of summoning {unknown}
 B - 2 scrolls of poison {unknown}
 D - 2 scrolls of noise {unknown}
 E - 2 scrolls of fear {unknown}
 G - 2 scrolls of magic mapping {unknown}
 I - a scroll of brand weapon {unknown}
 L - 4 scrolls of blinking {unknown}
 M - a scroll of enchant weapon {unknown}
 N - 2 scrolls of teleportation
 P - 2 scrolls of identify
Potions
 d - a potion of ambrosia {unknown}
 g - a potion of lignification
 h - 3 potions of invisibility {unknown}
 i - a potion of heal wounds
 k - 3 potions of curing {unknown}
 o - a potion of flight {unknown}
 q - a potion of resistance {unknown}
 u - 2 potions of haste {unknown}
 z - 4 potions of might
 A - a potion of degeneration {unknown}
 C - a potion of mutation {unknown}
 F - a potion of magic {unknown}
 H - a potion of brilliance {unknown}


   Skills:
 + Level 7.4 Fighting
 + Level 10.4 Maces & Flails
 + Level 7.3 Armour
 + Level 1.0 Stealth
 + Level 6.1 Shields


You had 9 spell levels left.
You didn't know any spells.
Your spell library contained the following spells:

 Spells                   Type           Power      Damage    Failure   Level
 Magic Dart               Conj           0%         1d3       54%         1
 Searing Ray              Conj           0%         2d4       67%         2
 Fulminant Prism          Conj/Hex       0%         3d5       99%         4


Dungeon Overview and Level Annotations

Branches:
Dungeon (8/15)             Temple (0/1) D:6           Sewer (visited)
 Bailey (visited)
   Lair: D:8-11

Altars:
Ashenzari
Cheibriados
Dithmenos
Elyvilon
Fedhas
Gozag
Kikubaaqudgha
Okawaru
Ru
Sif Muna
Trog
Wu Jian
Xom
Zin
The Shining One

Shops:
D:3 =   D:6 *


Innate Abilities, Weirdness & Mutations

You are immune to sickness and miasma.
Your stone body is resilient. (AC +7)
You are immune to poison.
You resist negative energy. (rN+)
You are resistant to electric shocks. (rElec)
You are resistant to unholy torment.
You are immune to petrification.


Message History

You are too injured to fight recklessly!
You are too injured to fight recklessly!
You are too injured to fight recklessly!
You are too injured to fight recklessly!
You are too injured to fight recklessly!
You are too injured to fight recklessly!
You are too injured to fight recklessly!
You are too injured to fight recklessly!
You are too injured to fight recklessly!
The gnoll sergeant attacks as you move away!
You block the gnoll sergeant's attack. x2
Things that are here:
a +0 whip; a gnoll corpse The gnoll sergeant closely misses you.
Things that are here:
a +0 whip; a gnoll corpse You hit the gnoll sergeant.
The gnoll sergeant is almost dead.
The gnoll hits you from afar with a +0 halberd!
* * * LOW HITPOINT WARNING * * *
The gnoll sergeant hits you but does no damage.
You thump the gnoll sergeant!
You kill the gnoll sergeant!
Okawaru accepts your kill. The gnoll barely misses you.
Things that are here:
a +2 vorpal trident; a +0 scale mail; a +0 spear "WORSHIP ME, MORTAL," Xom booms, "AND I SHALL GRANT YOU THE GREATEST GIFT OF ALL."
Found a shimmering altar of Xom.
You block the gnoll's attack. The gnoll closely misses you.
You sock the gnoll!
The gnoll is severely wounded.
The gnoll closely misses you. The gnoll hits you with a +0 halberd.
* * * LOW HITPOINT WARNING * * *
You hit the gnoll.
The gnoll is almost dead.
The gnoll hits you with a +0 whip!
* * * LOW HITPOINT WARNING * * *
The gnoll hits you with a +0 halberd!
You die...

.<.....#.####............###
.......#.#.........#######
.......#.# ##......#
......##.# #......#
......#... #..[...#
..[...#.#. ###.######
.....## #)# ..## .....#
#)##._..# ....## #g@g.../#
..### #.###...# ### ### ##


You could see 2 gnolls.

Vanquished Creatures
  A gargoyle (D:7)
  A hornet (D:7)
  Eustachio (D:4)
  A steam dragon (D:6)
  Duvessa (D:4)
  2 water moccasins (D:5)
  An orc warrior (D:5)
  A sky beast (D:7)
  2 black bears
  Pargi (D:4)
  2 phantoms
  4 kobold brigands
  3 bullfrogs
  A necrophage (D:7)
  7 scorpions
  A gnoll sergeant (D:8)
  Dowan (D:4)
  A jelly (D:5)
  5 hounds
  An orc priest (D:7)
  2 iguanas
  5 orc wizards (D:5)
  Natasha (thrice) (D:4)
  9 adders
  14 gnolls
  A white imp (D:5)
  2 worms
  22 orcs
  13 bats
  5 endoplasms
  5 giant cockroaches
  11 goblins
  10 hobgoblins
  3 jackals (D:2)
  7 quokkas
  11 ball pythons
  15 frilled lizards
  25 kobolds
  27 rats
228 creatures vanquished.

Vanquished Creatures (others)
  41 fungi (D:4)
  5 plants (D:1)
46 creatures vanquished.

Grand Total: 274 creatures vanquished

Notes
Turn   | Place    | Note
-------+----------+-------------------------------------------
     0 | D:1      | karrick the Gargoyle Fighter began the quest for the Orb.
     0 | D:1      | Reached XP level 1. HP: 14/14 MP: 1/1
    96 | D:1      | Reached XP level 2. HP: 19/19 MP: 2/2
   432 | D:1      | Reached XP level 3. HP: 23/23 MP: 3/3
  1111 | D:2      | Found a faded altar of an unknown god.
  1176 | D:2      | Reached XP level 4. HP: 18/29 MP: 4/4
  1287 | D:2      | Reached skill level 3 in Maces & Flails
  1849 | D:3      | Found Leniph's Jewellery Shop.
  2083 | D:4      | Noticed Eustachio
  2129 | D:4      | Killed Eustachio
  2130 | D:4      | Reached skill level 4 in Maces & Flails
  2130 | D:4      | Reached XP level 5. HP: 27/33 MP: 5/5
  2130 | D:4      | Reached XP level 6. HP: 31/38 MP: 6/6
  2177 | D:4      | Noticed Natasha
  2178 | D:4      | Noticed Pargi
  2182 | D:4      | Killed Natasha
  2313 | D:4      | Noticed Duvessa
  2314 | D:4      | Noticed Dowan
  2481 | D:5      | Entered Level 5 of the Dungeon
  2481 | D:5      | You fall into a shaft and drop 3 floors!
  2481 | D:8      | Found an opulent altar of Gozag.
  2536 | D:8      | Reached skill level 5 in Maces & Flails
  2629 | D:7      | Found a bloodstained altar of Trog.
  2650 | D:7      | Noticed a yak
  2650 | D:7      | Noticed an orc warrior
  2650 | D:7      | Noticed a purple ugly thing
  2684 | D:7      | Noticed a black bear
  2693 | D:7      | Killed a black bear
  2694 | D:7      | Reached XP level 7. HP: 44/44 MP: 7/7
  2696 | D:7      | Reached skill level 6 in Maces & Flails
  2712 | D:7      | Found a flagged portal.
  2713 | D:7      | Noticed a gargoyle
  2724 | D:7      | Killed a gargoyle
  2725 | D:7      | Reached skill level 5 in Fighting
  2725 | D:7      | Reached XP level 8. HP: 33/49 MP: 8/8
  2830 | Bailey   | Entered a bailey
  2943 | D:7      | Reached skill level 7 in Maces & Flails
  2943 | D:7      | Reached skill level 5 in Armour
  3123 | D:6      | Found an iron altar of Okawaru.
  3124 | D:6      | Found an ornate altar of the Wu Jian Council.
  3197 | D:6      | Found Qera's Assorted Antiques.
  3234 | D:6      | Found a glowing drain.
  3323 | Sewer    | Entered a sewer
  3665 | D:5      | Reached skill level 8 in Maces & Flails
  3791 | D:5      | Reached XP level 9. HP: 56/56 MP: 9/9
  3929 | D:5      | Reached skill level 5 in Shields
  3988 | D:5      | Found a shadowy altar of Dithmenos.
  4726 | D:5      | Reached skill level 1 in Stealth
  4817 | D:5      | Reached skill level 9 in Maces & Flails
  4869 | D:6      | Found an ancient bone altar of Kikubaaqudgha.
  4977 | D:6      | Found a staircase to the Ecumenical Temple.
  5074 | D:6      | Became a worshipper of Warmaster Okawaru
  5139 | D:6      | Found a glowing golden altar of the Shining One.
  5140 | D:6      | Found a glowing silver altar of Zin.
  5141 | D:6      | Found a white marble altar of Elyvilon.
  5178 | D:6      | Found a broken altar of Ashenzari.
  5271 | D:6      | Found a shimmering blue altar of Sif Muna.
  5390 | D:7      | Found a sacrificial altar of Ru.
  5566 | D:7      | Noticed a hornet
  5580 | D:7      | Killed a hornet
  6105 | D:4      | Noticed Natasha
  6110 | D:4      | Killed Natasha
  6131 | D:4      | Killed Pargi
  6131 | D:4      | Reached * piety under Okawaru
  6337 | D:4      | Killed Duvessa
  6347 | D:4      | Killed Dowan
  6398 | D:4      | Found a snail-covered altar of Cheibriados.
  6478 | D:4      | Noticed Natasha
  6497 | D:4      | Killed Natasha
  6546 | D:4      | Reached XP level 10. HP: 63/63 MP: 10/10
  6555 | D:4      | Reached skill level 10 in Maces & Flails
  6702 | D:4      | Found a blossoming altar of Fedhas.
  7090 | D:8      | Found a shimmering altar of Xom.
  7092 | D:8      | Slain by a gnoll

Illustrated notes

Levels and vault maps discovered:
D:1:      sevenhm_arrival_forest_fort_small_3, layout_basic, minmay_lizard_king
D:2:      layout_rooms, shapermc_ecumenical_altar_starsandcircs, minmay_ruptured
D:3:      layout_loops_cross, serial_shops, nicolae_lakefront_shop
D:4:      old_forge, layout_loops_ring, mainiacjoe_overflow_chevrons,
          nicolae_overflow_hidden_temple, minmay_rat_hole, uniq_natasha,
          uniq_pargi, uniq_eustachio, uniq_duvessa
D:5:      layout_loops_ring, kennysheep_mini
D:6:      layout_cave_pools, good_gods_temple_1, marbit_many_paths,
          ashenzari_conservatory_becter, gammafunk_temple_overflow_pools,
          kiku_gazebo_garden_becter, minmay_temple_entry_drinking_statues,
          serial_shops, nicolae_shop_competitors_out_of_business,
          gup_sewer_entry_pipe, minmay_misc_feat_cross,
          wad_floor_pattern_untrapped
D:7:      layout_basic, trog_three_pillars_becter, amcnicky_altar_gilded,
          enter_bailey_2, lightli_corner_chamber
D:8:      minmay_general_purpose_star, layout_rooms, grunt_gozag_statues,
          lemuel_tele_altar, brannock_xom_greatest_gift, minivault_1,
          minmay_misc_feat_alley

Skill      XL: |  1  2  3  4  5  6  7  8  9 10 |
---------------+-------------------------------+-----
Maces & Flails | 4 5 6 8 9 10 | 10.4
Fighting       | 4 5 6 7 |  7.4
Armour         | 4 6 7 |  7.3
Shields        | 4 6 |  6.1
Stealth        | 1 |  1.0

Action                   |  1- 3 |  4- 6 |  7- 9 | 10-12 || total
-------------------------+-------+-------+-------+-------++-------
Melee: Flail             |   124 |   138 |   434 |    92 ||   788
  Use: Potion            |       |     1 |     3 |       ||     4
       Scroll            |       |     4 |     4 |       ||     8
Armor: Scale mail        |    76 |    67 |   262 |       ||   405
       Skin              |       |       |     3 |       ||     3
       Troll leather arm |       |       |    35 |    29 ||    64
Dodge: Dodged            |    68 |    57 |   215 |    51 ||   391
Block: Buckler           |    30 |    26 |   125 |    24 ||   205

Table legend: (Time is in decaauts)
 A = Elapsed time spent in this place.
 B = Non-inter-level travel time spent in this place.
 C = Inter-level travel time spent in this place.
 D = Time resting spent in this place.
 E = Time spent auto-exploring this place.
 F = Levels seen in this place.
 G = Mean time per level.
                   A        B        C        D        E       F      G
               +--------+--------+--------+--------+--------+-----+--------+
         Total |   7212 |   6833 |    379 |    390 |   4494 |  10 |  721.2 |
       Dungeon |   6844 |   6465 |    379 |    390 |   4289 |   8 |  855.5 |
         Sewer |    314 |    314 |      0 |      0 |    204 |   1 |  314.0 |
        Bailey |     53 |     53 |      0 |      0 |      0 |   1 |   53.0 |
               +--------+--------+--------+--------+--------+-----+--------+

Top non-repeatable levels by time:
     D:7: 1141 daAuts
     D:5: 1091 daAuts
     D:4: 1082 daAuts
     D:6: 928 daAuts
     D:1: 887 daAuts
     D:3: 774 daAuts
     D:2: 618 daAuts
     D:8: 321 daAuts
   Sewer: 314 daAuts
  Bailey: 53 daAuts
